 Dungeon Crawl Stone Soup version 0.25-a0-41-g6cf4ce537d (webtiles) character file.

Game seed: 14943960105538825197, levelgen mode: deterministic

9827 Flugkiller the Nimble (level 11, -4/72 HPs)
             Began as an Octopode Enchanter on Oct 21, 2019.
             Was an Initiate of Gozag.
             Slain by an ice beast (14 damage)
             ... on level 2 of the Lair of Beasts.
             The game lasted 00:25:09 (14030 turns).

Flugkiller the Nimble (Octopode Enchanter)         Turns: 14030, Time: 00:25:09

Health: -4/72      AC:  3    Str: 11    XL:     11   Next: 52%
Magic:  24/26      EV: 19    Int: 24    God:    Gozag
Gold:   973        SH:  5    Dex: 16    Spells: 8/18 levels left

rFire    + . .     SeeInvis .   g - +1 trident "Zosa" {elec, rF+ Int+4}
rCold    . . .     Gourm    .   s - +0 buckler
rNeg     . . .     Faith    .   (helmet restricted)
rPois    .         Spirit   .   y - amulet of the acrobat
rElec    .         Reflect  .   q - +2 ring of protection
rCorr    +         Harm     .   m - ring of resist corrosion
MR       .....                  H - ring of magical power
Stlth    ++++......             K - +3 ring of strength
HPRegen  0.22/turn              O - +3 ring of intelligence
MPRegen  0.20/turn              (no ring)
                                (no ring)
                                (no ring)

@: gold aura
A: almost no armour, stealthy swim, amphibious, 8 rings, constrict 8, camouflage
1, gelatinous body 1
a: Potion Petition, Call Merchant, Bribe Branch, Renounce Religion


You were on level 2 of the Lair of Beasts.
You worshipped Gozag.
Gozag was pleased with you.
You were not hungry.

You visited 3 branches of the dungeon, and saw 13 of its levels.

You collected 1685 gold pieces.
You spent 657 gold pieces at shops.
You paid 55 gold pieces to Gozag.

Inventory:

Hand Weapons
 a - a +2 dagger
 g - the +1 trident "Zosa" (weapon) {elec, rF+ Int+4}
   (You bought it in a shop on level 6 of the Dungeon)

   Occasionally, upon striking a foe, it will discharge some electrical energy
   and cause terrible harm.
   It affects your intelligence (+4).
   It protects you from fire.
 A - the +2 hand axe "Xuqyczim" {flame, rPois rC+ Stlth+, unknown}
   (You found it on level 6 of the Dungeon)

   It has been specially enchanted to burn those struck by it, causing extra
   injury to most foes and up to half again as much damage against particularly
   susceptible opponents.
   Big, fiery blades are also staple armaments of hydra-hunters.
   It protects you from cold.
   It protects you from poison.
   It makes you more stealthy.
 I - the +10 morningstar "Eos" {elec, Halo rElec}
   (You found it on level 8 of the Dungeon)

   Occasionally, upon striking a foe, it will discharge some electrical energy
   and cause terrible harm.
   It insulates you from electricity.
Missiles
 c - 4 throwing nets
 u - 30 poisoned darts (quivered)
Armour
 f - a +1 large shield
   (You found it on level 1 of the Dungeon)
 s - a +0 buckler (worn)
   (You found it on level 3 of the Dungeon)
Jewellery
 m - a ring of resist corrosion (right tentacle)
   (You found it on level 4 of the Dungeon)
 q - a +2 ring of protection (left tentacle)
   (You found it on level 3 of the Dungeon)
 y - an amulet of the acrobat (around mantle)
   (You found it on level 4 of the Dungeon)
 G - a +3 amulet of reflection {unknown}
   (You found it on level 8 of the Dungeon)
 H - a ring of magical power (on tentacle)
   (You found it on level 10 of the Dungeon)
 K - a +3 ring of strength (on tentacle)
   (You found it on level 10 of the Dungeon)
 L - an uncursed amulet of harm {unknown}
   (You found it on level 10 of the Dungeon)
 O - a +3 ring of intelligence (on tentacle)
   (You found it on level 1 of the Lair of Beasts)
Wands
 B - a wand of enslavement (6)
   (You found it on level 6 of the Dungeon)
 J - a wand of disintegration (20)
   (You found it on level 9 of the Dungeon)
 M - a wand of polymorph (7)
   (You found it on level 10 of the Dungeon)
 N - a wand of paralysis (7)
   (You found it on level 1 of the Lair of Beasts)
Scrolls
 e - a scroll of magic mapping
 k - a scroll of amnesia
 l - 3 scrolls of remove curse
 o - a scroll of immolation
 t - a scroll of blinking
 v - 2 scrolls of enchant weapon
 w - a scroll of enchant armour
 D - a scroll of teleportation
 F - a scroll of fear
 P - a scroll of summoning {unknown}
Potions
 b - a potion of might
 h - 3 potions of lignification
 i - 4 potions of brilliance
 j - 3 potions of invisibility
 n - 5 potions of curing
 p - 2 potions of cancellation
 r - 4 potions of flight
 x - 6 potions of agility
 z - a potion of ambrosia
 C - 2 potions of heal wounds
 E - a potion of haste
Comestibles
 d - 8 rations


   Skills:
 - Level 6.0 Fighting
 - Level 1.0 Short Blades
 + Level 6.0 Maces & Flails
 - Level 7.3 Polearms
 - Level 9.0 Dodging
 - Level 4.0 Stealth
 - Level 4.1 Shields
 - Level 4.1 Spellcasting
 - Level 5.0 Hexes
 + Level 4.1 Summonings
 + Level 4.1 Air Magic
 - Level 5.0 Evocations


You had 8 spell levels left.
You knew the following spells:

 Your Spells              Type           Power        Failure   Level  Hunger
a - Corona                Hex            ####...      1%          1    None
b - Ensorcelled Hibernat  Hex/Ice        ###...       5%          2    None
c - Confuse               Hex            ####....     3%          3    ##.....
d - Summon Lightning Spi  Summ/Air       ###.....     17%         4    ####...

Your spell library contained the following spells:

 Spells                   Type           Power        Failure   Level  Hunger
 Summon Small Mammal      Summ           ###.         1%          1    None
 Call Imp                 Summ           ###.....     2%          2    None
 Tukima's Dance           Hex            ####....     3%          3    ##.....
 Summon Guardian Golem    Hex/Summ       ####....     4%          3    ##.....
 Call Canine Familiar     Summ           ###.....     5%          3    ##.....
 Magic Dart               Conj           #...         10%         1    None
 Dazzling Spray           Conj/Hex       ###...       11%         3    ##.....
 Cause Fear               Hex            ####......   12%         4    ####...
 Searing Ray              Conj           #.....       14%         2    None
 Fulminant Prism          Conj/Hex       ###.......   34%         4    ####...
 Summon Ice Beast         Ice/Summ       ##......     38%         4    ####...
 Silence                  Hex/Air        ####......   38%         5    #####..
 Force Lance              Conj/Tloc      #.......     67%         4    ####...
 Iskenderun's Mystic Bla  Conj           #.......     67%         4    ####...
 Yara's Violent Unravell  Hex/Tmut       ###.......   67%         5    #####..
 Deflect Missiles         Chrm/Air       ##........   99%         6    #######
 Discord                  Hex            ####......   100%        8    #######


Dungeon Overview and Level Annotations

Branches:
Dungeon (10/15)            Temple (1/1) D:4            Lair (2/6) D:10
  Swamp: Lair:2-4    Shoals: Lair:2-4     Snake: Lair:2-4    Spider: Lair:2-4
    Orc: D:9-12

Altars:
Ashenzari
Cheibriados
Dithmenos
Elyvilon
Fedhas
Gozag
Hepliaklqana
Kikubaaqudgha
Makhleb
Nemelex Xobeh
Okawaru
Qazlal
Ru
Sif Muna
Trog
Uskayaw
Vehumet
Wu Jian
Xom
Yredelemnul
Zin
The Shining One

Shops:
D:6 ((}[*   D:7 *

Portals:
Ice
Cave: Lair:2

Annotations:
D:3 Sigmund
D:4 Ijyb
D:10 3 runed translucent doors, Killmatronix's ghost, journeyman KoHu
Lair:1 exclusion: hydra


Innate Abilities, Weirdness & Mutations

You cannot wear most types of armour.
You are very stealthy in the water. (Stealth+)
You are amphibious.
You can wear up to eight rings at the same time.
You can use your tentacles to constrict eight enemies at once.
Your skin changes colour to match your surroundings (Stealth+).
Your rubbery body absorbs attacks. (AC +1, EV +1)


Message History

The ice beast freezes you!
You hit the ice beast.
The ice beast is moderately wounded.
The ice beast closely misses you. The ice beast barely misses you.
You barely miss the ice beast.
The ice beast is moderately wounded.
The ice beast completely misses you. The ice beast hits you.
The ice beast freezes you!
You hit the ice beast.
You squeeze the ice beast, but do no damage.
The ice beast is moderately wounded.
The ice beast closely misses you.
You hit the ice beast but do no damage.
Lightning courses through the ice beast!
The ice beast is severely wounded.
The ice beast hits you. The ice beast freezes you!
* * * LOW HITPOINT WARNING * * *
You hit the ice beast but do no damage.
Lightning courses through the ice beast!
You kill the ice beast!
Your Maces & Flails skill increases to level 6!
Casting: Confuse (safe; 3% risk of failure)
Confirm with . or Enter, or press ? or * to list all spells.
Aiming: Confuse (safe; 3% risk of failure)
Press: ? - help, Shift-Dir - straight line, f - ice beast
Aim: an ice beast (chance to defeat MR: 58%)
The ice beast resists with significant effort.
The ice beast barely misses you.
You hit the ice beast.
Lightning courses through the ice beast!
You squeeze the ice beast, but do no damage.
The ice beast is heavily wounded.
The ice beast hits you.
* * * LOW HITPOINT WARNING * * *
The ice beast freezes you!
* * * LOW HITPOINT WARNING * * *
You closely miss the ice beast.
The ice beast is heavily wounded.
Unknown command.
You puncture the ice beast!
The ice beast is severely wounded.
The ice beast hits you.
* * * LOW HITPOINT WARNING * * *
The ice beast freezes you!
* * * LOW HITPOINT WARNING * * *
You feel better. The ice beast hits you.
* * * LOW HITPOINT WARNING * * *
The ice beast freezes you!
You die...
Your body crumbles into a pile of gold.

## ### #.# #.####
...##....## ##.
....#.....## # ##...
...........##
##.##.....
............##.##.....
..............###.P#
.............# #@.##
.............####Y.#
.............#P##..#
.........<.....$..##
#............###..P#
##...........####.##
##..........#.....#
#...............##
#.######.#>Y.....#.


You could see an ice beast.

Vanquished Creatures
  Pikel (D:6)
  A black mamba (Lair:1)
  3 spiny frogs (Lair:1)
  2 rime drakes (Lair:1)
  4 komodo dragons (Lair:1)
  A hornet (D:8)
  2 hippogriffs
  A wyvern (D:8)
  8 yaks
  2 basilisks (Lair:2)
  A hungry ghost (D:8)
  3 water moccasins
  3 ice beasts (Lair:2)
  2 porcupines
  A sky beast (D:5)
  A black bear (D:9)
  2 orc warriors (D:6)
  4 centaurs
  5 ogres
  2 crocodiles
  10 bullfrogs
  A water moccasin zombie (D:8)
  2 scorpions
  3 killer bees (D:8)
  3 wights (D:10)
  A howler monkey (D:3)
  2 crimson imps
  3 quasits (D:6)
  A jelly (D:8)
  3 bullfrog zombies
  8 hounds
  An orc priest (D:6)
  A centaur skeleton (D:7)
  An orc wizard (D:5)
  Natasha (thrice) (D:2)
  10 iguanas
  6 worker ants
  A worker ant zombie (D:8)
  7 gnolls
  12 adders
  4 shadow imps
  An ooze (D:3)
  An adder zombie (D:7)
  An adder skeleton (D:8)
  3 dart slugs
  A worm (D:2)
  4 leopard geckos
  10 orcs
  4 ball pythons
  5 giant cockroaches
  6 goblins
  5 hobgoblins
  12 jackals
  7 kobolds
  2 quokkas (D:4)
  8 bats
  7 frilled lizards
  A leopard gecko zombie (D:5)
  A quokka skeleton (D:4)
  4 rats
215 creatures vanquished.

Vanquished Creatures (others)
  An adder zombie (D:7)
  4 fungi
  A plant (D:10)
6 creatures vanquished.

Grand Total: 221 creatures vanquished

Notes
Turn   | Place    | Note
-------+----------+-------------------------------------------
     0 | D:1      | Flugkiller the Octopode Enchanter began the quest for the
                  | Orb.
     0 | D:1      | Reached XP level 1. HP: 11/11 MP: 3/3
    29 | D:1      | Reached skill level 1 in Fighting
   127 | D:1      | Reached XP level 2. HP: 16/18 MP: 5/5
   827 | D:2      | Noticed Natasha
   837 | D:2      | Noticed a crimson imp
   847 | D:2      | Killed Natasha
   847 | D:2      | Reached skill level 1 in Shields
   847 | D:2      | Reached XP level 3. HP: 18/24 MP: 6/6
   965 | D:2      | Noticed Natasha
   989 | D:2      | Killed Natasha
   989 | D:2      | Reached XP level 4. HP: 7/30 MP: 7/7
  1212 | D:2      | Noticed Natasha
  1218 | D:2      | Killed Natasha
  1218 | D:2      | Reached skill level 3 in Dodging
  1625 | D:2      | Reached XP level 5. HP: 16/35 MP: 8/8
  2831 | D:3      | Learned a level 2 spell: Ensorcelled Hibernation
  2835 | D:3      | Learned a level 3 spell: Confuse
  3296 | D:3      | Reached XP level 6. HP: 33/42 MP: 9/9
  3762 | D:3      | Noticed Sigmund
  3775 | D:3      | Found a hazy altar of Hepliaklqana.
  3776 | D:3      | Found a radiant altar of Vehumet.
  4430 | D:4      | Found a staircase to the Ecumenical Temple.
  4436 | Temple   | Entered the Ecumenical Temple
  4655 | Temple   | Became a worshipper of Gozag Ym Sagoz the Greedy
  4735 | D:4      | Reached skill level 4 in Dodging
  4781 | D:4      | Noticed Ijyb
  5123 | D:5      | Entered Level 5 of the Dungeon
  5179 | D:5      | Reached XP level 7. HP: 35/48 MP: 4/10
  5477 | D:5      | Found a stormy altar of Qazlal.
  5504 | D:5      | Reached skill level 5 in Dodging
  5894 | D:6      | Found Jistruuc's Weapon Shop.
  5917 | D:6      | Found Anoator's Gadget Boutique.
  6078 | D:6      | Found Ricuddech's Antique Weapon Boutique.
  6120 | D:6      | Reached XP level 8. HP: 48/54 MP: 12/12
  6125 | D:6      | Bought a fine trident for 195 gold pieces
  6128 | D:6      | Identified the cursed +1 trident "Zosa" {elec, rF+ Int+4}
                  | (You bought it in a shop on level 6 of the Dungeon)
  6555 | D:6      | Found Ilius's Armour Emporium.
  6867 | D:6      | Reached skill level 5 in Hexes
  6977 | D:5      | Reached skill level 1 in Polearms
  7217 | D:6      | Got an ebony hand axe
  7251 | D:6      | Found a shattered altar of Ashenzari.
  7269 | D:6      | Found a shimmering altar of Xom.
  7318 | D:6      | Found Wiuga's General Store.
  7326 | D:6      | Bought a potion of heal wounds for 65 gold pieces
  7532 | D:7      | Reached skill level 5 in Polearms
  7532 | D:7      | Reached XP level 9. HP: 58/58 MP: 15/15
  7936 | D:7      | Noticed Pikel
  7967 | D:6      | Killed Pikel
  7967 | D:6      | Reached skill level 1 in Evocations
  8564 | D:7      | Found a shadowy altar of Dithmenos.
  8609 | D:7      | Found Dottiamusm's Assorted Antiques.
  8615 | D:7      | Bought a fuming green potion for 22 gold pieces
  8706 | D:8      | Reached skill level 5 in Fighting
  8733 | D:7      | Bought a leatherbound book for 375 gold pieces
  8738 | D:7      | Learned a level 4 spell: Summon Lightning Spire
  8772 | D:8      | Noticed a hornet
  8788 | D:8      | Killed a hornet
  8788 | D:8      | Reached skill level 6 in Dodging
  8910 | D:8      | Reached XP level 10. HP: 67/67 MP: 10/16
  9078 | D:8      | Found the +10 morningstar "Eos" {elec, Halo rElec}
  9221 | D:8      | Reached skill level 1 in Maces & Flails
  9769 | D:9      | Found a glowing golden altar of the Shining One.
  9865 | D:9      | Reached skill level 7 in Dodging
 10553 | D:10     | Entered Level 10 of the Dungeon
 10615 | D:10     | Reached skill level 5 in Evocations
 10713 | D:10     | Found a staircase to the Lair.
 10827 | D:10     | Found a runed translucent gate.
 10827 | D:10     | Found a runed translucent gate.
 10827 | D:10     | Found a runed translucent gate.
 10828 | D:10     | Noticed a kobold demonologist
 10829 | D:10     | Identified the cursed +3 whip of Moderation {drain, MR+}
 10866 | D:10     | Noticed Killmatronix's ghost (journeyman KoHu)
 10869 | D:10     | Noticed a kobold demonologist
 10870 | D:10     | Noticed a kobold demonologist
 11168 | Lair:1   | Entered Level 1 of the Lair of Beasts
 11511 | Lair:1   | Noticed a spiny frog
 11529 | Lair:1   | Killed a spiny frog
 11529 | Lair:1   | Reached skill level 8 in Dodging
 11718 | Lair:1   | Noticed a spiny frog
 11724 | Lair:1   | Killed a spiny frog
 11724 | Lair:1   | Reached skill level 1 in Summonings
 11724 | Lair:1   | Reached skill level 1 in Air Magic
 12191 | Lair:1   | Reached XP level 11. HP: 72/72 MP: 17/17
 12535 | Lair:1   | Reached skill level 5 in Maces & Flails
 13175 | Lair:1   | Noticed a six-headed hydra
 13738 | Lair:1   | Reached skill level 9 in Dodging
 13988 | Lair:2   | Found a frozen archway.
 14030 | Lair:2   | Slain by an ice beast

Levels and vault maps discovered:
D:1:      beargit_arrival_greenhouse, layout_basic
D:2:      layout_basic, minmay_mini_jars, uniq_natasha
D:3:      layout_basic, nicolae_overflow_hidden_temple, uniq_sigmund
D:4:      layout_rooms, minmay_temple_entry_fiery, first_ration,
          minmay_joined_circles, uniq_ijyb
D:5:      layout_cave_pools, nicolae_qazlal_general_emergency
D:6:      layout_rooms, kennysheep_little_box, lemuel_round_altar, serial_shops,
          nicolae_shop_window_shopping, shop, nicolae_shop_trees,
          nicolae_shop_statue_plus, nicolae_shop_stone
D:7:      layout_rooms, grunt_dithmenos_smoke, serial_shops,
          nicolae_shop_crystal, st_stairs_5, uniq_pikel
D:8:      layout_cave_pools
D:9:      layout_basic, nicolae_tso_swordbearing_angel
D:10:     layout_long_grid, lair_entry_dummy, gammafunk_ghost_nasty_kobolds
Temple:   regret_index_temple_generic_petals
Lair:1:   beast_lair_carwin_large_3, layout_regular_city, grunt_megastairs_1
Lair:2:   lemuel_reptile_caves, layout_gridlike, skrybe_swamp_entry_bodies,
          portal_ice_cave_entry_ice_beasts, beast_lair_carwin_11,
          infiniplex_staircase_pool

Skill      XL: |  1  2  3  4  5  6  7  8  9 10 11 |
---------------+----------------------------------+-----
Fighting       | 1 2 3 4 5 6 |  6.0
Shields        | 1 2 3 4 |  4.1
Dodging        | 3 4 5 6 8 9 |  9.0
Spellcasting   | 3 4 |  4.1
Hexes          | 4 5 |  5.0
Polearms       | 5 7 |  7.3
Evocations     | 3 5 |  5.0
Maces & Flails | 4 6 |  6.0
Summonings     | 2 4 |  4.1
Air Magic      | 2 4 |  4.1
Short Blades   | |  1.0
Stealth        | |  4.0

Action                   |  1- 3 |  4- 6 |  7- 9 | 10-12 || total
-------------------------+-------+-------+-------+-------++-------
Melee: Dagger            |    49 |   224 |    74 |       ||   347
       Constrict         |    10 |    48 |    33 |    30 ||   121
       Tentacles         |     3 |    36 |    43 |    54 ||   136
       Trident           |       |       |   186 |   251 ||   437
       Morningstar       |       |       |       |    21 ||    21
Throw: Dart              |       |    11 |     1 |     5 ||    17
       Throwing net      |       |     1 |       |       ||     1
 Cast: Corona            |       |     1 |       |       ||     1
       Confuse           |       |     2 |    18 |    10 ||    30
Evoke: Wand              |       |       |     2 |       ||     2
  Use: Scroll            |       |     8 |     2 |    14 ||    24
       Potion            |       |       |     1 |     2 ||     3
 Stab: Sleeping          |     7 |     7 |    10 |     9 ||    33
       Confused          |       |     1 |     4 |     3 ||     8
       Distracted        |       |       |     2 |     2 ||     4
  Eat: Chunk             |       |    12 |       |       ||    12
       Ration            |       |     1 |     4 |     5 ||    10
Armor: Skin              |     5 |    15 |    21 |     6 ||    47
Dodge: Dodged            |    12 |   140 |   162 |   145 ||   459
Block: Large shield      |    15 |    56 |       |       ||    71
       Buckler           |       |    31 |    49 |    38 ||   118

Table legend:
 A = Non-vault XP
 B = Vault XP
 C = Vault XP percentage of total XP
 D = Non-vault monster count
 E = Vault monster count
 F = Vault count percentage of total count
                 A         B        C        D         E       F
            +---------+---------+-------+---------+---------+-------
      Total |   11055 |    2984 |  21.3 |     187 |      28 |  13.0
            +---------+---------+-------+---------+---------+-------
        D:1 |      24 |       0 |   0.0 |      14 |       0 |   0.0
        D:2 |     121 |      79 |  39.5 |      16 |      11 |  40.7
        D:3 |     186 |       0 |   0.0 |      24 |       0 |   0.0
        D:4 |     277 |       0 |   0.0 |      23 |       0 |   0.0
        D:5 |     604 |       0 |   0.0 |      14 |       0 |   0.0
        D:6 |    1016 |     607 |  37.4 |      19 |       1 |   5.0
        D:7 |     800 |       2 |   0.2 |      18 |       1 |   5.3
        D:8 |    1904 |       0 |   0.0 |      24 |       0 |   0.0
        D:9 |     656 |       0 |   0.0 |       8 |       0 |   0.0
       D:10 |     420 |       0 |   0.0 |       7 |       0 |   0.0
     Lair:1 |    4328 |    1546 |  26.3 |      16 |       8 |  33.3
     Lair:2 |     719 |     750 |  51.1 |       4 |       7 |  63.6
            +---------+---------+-------+---------+---------+-------
